 Dungeon Crawl Stone Soup version 0.31-a0-986-g5e6e4ef867 (webtiles) character file.

Game seed: 8671984120018332873

86881 jestert79 the Metamorph (level 15, -4/108 HPs)
             Began as an Octopode Shapeshifter on Nov 8, 2023.
             Was the Champion of Hepliaklqana.
             Slain by a quicksilver ooze (11 damage)
             ... in an ice cave.
             The game lasted 03:37:13 (31385 turns).

jestert79 the Metamorph (Octopode Shapeshifter)    Turns: 31385, Time: 03:37:13

Health: -4/108     AC: 19    Str: 23    XL:     15   Next: 88%
Magic:  17/25      EV: 17    Int: 21    God:    Hepliaklqana [******]
Gold:   1664       SH:  0    Dex: 23    Spells: 13/16 levels left

rFire   x .          .
                       - Unarmed
rCold   + . .        (shield currently unavailable)
rNeg    . . .        (helmet currently unavailable)
rPois   .            t - amulet of the acrobat
rElec   +            J - +4 ring of protection
rCorr   .            T - ring of Shadows {Umbra +Inv Stlth+}
SInv    +            y - ring of ice
Will    +++..        i - ring of see invisible
Stlth   ++++++++     v - ring of willpower
HPRegen 0.38/turn    w - +6 ring of strength
MPRegen 0.19/turn    I - +6 ring of dexterity
                     L - ring "Daziuvod" {rElec MP+9 Str-2 Int+7}

%: acrobat
@: snake-form, engulfed (cannot breathe), very slightly contaminated, wreathed
by umbra, studying Unarmed Combat
A: constrict, boosted hp, reduced essence, almost no armour, amphibious, 8
rings, large, (camouflage 1), (gelatinous body 1), (nimble swimmer 1),
(tentacles)
a: Begin Untransformation, Renounce Religion, Evoke Invisibility, Recall
Ancestor, Ancestor Identity, Transference, Idealise


You were in an ice cave.
You worshipped Hepliaklqana.
Hepliaklqana was exalted by your worship.
You were an enormous anaconda.
You visited 6 branches of the dungeon, and saw 24 of its levels.
You also visited: Sewer, Bailey, Ice Cave and Volcano.

You collected 2622 gold pieces.
You spent 958 gold pieces at shops.

Inventory:

Missiles
 d - 3 curare-tipped darts
 l - 3 throwing nets
Jewellery
 g - a ring of protection from fire
 i - a ring of see invisible (on tentacle)
 j - a ring of resist corrosion
 t - an amulet of the acrobat (around neck)
 v - a ring of willpower (on tentacle)
 w - a +6 ring of strength (on tentacle)
 y - a ring of ice (on tentacle)
 I - a +6 ring of dexterity (on tentacle)
 J - a +4 ring of protection (left tentacle)
 L - the ring "Daziuvod" (on tentacle) {rElec MP+9 Str-2 Int+7}
   (You bought it in a shop on level 4 of the Dungeon)

   [ring of magical power]

   Str-2:     It affects your strength (-2).
   Int+7:     It affects your intelligence (+7).
   rElec:     It insulates you from electricity.
   MP+9:      It affects your magic capacity (+9).
 N - an amulet of magic regeneration
 P - a +6 ring of dexterity
 T - the ring of Shadows (right tentacle) {Umbra +Inv Stlth+}
   (You found it on level 3 of the Lair of Beasts)

   [ring of stealth]

   Umbra:     It surrounds you with an aura of shadow, increasing your stealth
   and reducing the accuracy of all others within it.
   +Inv:      It lets you turn invisible.
   Stlth+:    It makes you more stealthy.
 V - a +6 ring of intelligence
 Y - a ring of poison resistance
Talismans
 q - a storm talisman
 H - the serpent talisman "Buebuqei" (active) {Will+ Stlth+}
   (You found it on level 9 of the Dungeon)

   [serpent talisman]

   Will+:     It increases your willpower.
   Stlth+:    It makes you more stealthy.
Wands
 c - a wand of mindburst (13)
 p - a wand of polymorph (7)
 u - a wand of flame (36)
 A - a wand of roots (11)
 U - a wand of paralysis (5)
Scrolls
 k - 8 scrolls of teleportation
 m - 4 scrolls of amnesia
 n - 3 scrolls of fog
 z - a scroll of poison
 E - 2 scrolls of vulnerability
 F - 4 scrolls of immolation
 G - 2 scrolls of fear
 O - a scroll of enchant armour
 R - a scroll of summoning
 W - 2 scrolls of identify
 Z - 5 scrolls of enchant weapon
Potions
 a - 3 potions of lignification
 b - a potion of enlightenment
 e - 3 potions of mutation
 h - 4 potions of curing
 o - a potion of berserk rage
 s - 4 potions of might
 x - 4 potions of attraction
 B - 3 potions of heal wounds
 C - a potion of ambrosia
 D - a potion of haste
 K - a potion of cancellation
 M - a potion of brilliance
 Q - 2 potions of magic
Miscellaneous
 r - a box of beasts


   Skills:
 - Level 9.0 Fighting
 - Level 9.3 Dodging
 - Level 5.1 Stealth
 - Level 13.5 Unarmed Combat
 - Level 1.2 Spellcasting
 - Level 2.0 Conjurations
 - Level 3.0 Translocations
 - Level 2.0 Fire Magic
 + Level 19.6 Shapeshifting


You had 13 spell levels left.
You knew the following spells:

 Your Spells              Type           Power      Damage    Failure   Level
a - Foxfire               Conj/Fire      36%        2x1d5     7%          1
b - Blink                 Tloc           26%        N/A       7%          2

Your spell library contained the following spells:

 Spells                   Type           Power      Damage    Failure   Level
 Magic Dart               Conj           36%        1d4       7%          1
 Scorch                   Fire           18%        2d5       11%         2
 Searing Ray              Conj           18%        2d5       11%         2
 Freeze                   Ice            4%         1d3       16%         1
 Volatile Blastmotes      Fire/Tloc      22%        2d11      17%         3
 Ensorcelled Hibernation  Hex/Ice        2%         N/A       24%         2
 Jinxbite                 Hex            2%         N/A       24%         2
 Dazzling Flash           Conj/Hex       10%        N/A       32%         3
 Hailstorm                Conj/Ice       8%         3d4       32%         3
 Frozen Ramparts          Ice            2%         1d1       43%         3
 Swiftness                Air            1%         N/A       43%         3
 Tukima's Dance           Hex            1%         N/A       43%         3
 Passage of Golubria      Tloc           13%        N/A       43%         4
 Flame Wave               Conj/Fire      9%         2d6       56%         4
 Fulminant Prism          Conj/Hex       2%         3d5       71%         4
 Anguish                  Hex/Necr       0%         N/A       85%         4
 Cause Fear               Hex            0%         N/A       85%         4
 Summon Forest            Summ/Tloc      3%         N/A       94%         5
 Summon Mana Viper        Hex/Summ       1%         N/A       99%         5
 Yara's Violent Unravell  Hex/Tmut       0%         3d3       99%         5
 Plasma Beam              Fire/Air       2%         2x1d12    100%        6
 Starburst                Conj/Fire      4%         6d4       100%        6
 Summon Cactus Giant      Summ           0%         N/A       100%        6
 Enfeeble                 Hex            0%         N/A       100%        7
 Maxwell's Capacitive Co  Air            0%         ∞         100%        8


Dungeon Overview and Level Annotations

Branches:
Dungeon (14/15)            Temple (1/1) D:7            Lair (5/5) D:10
  Swamp (1/4) Lair:3       Spider (1/4) Lair:2        Slime (0/5) Lair:5
    Orc (2/2) D:11            Elf (0/3) Orc:2         Sewer (visited)
 Bailey (visited)           IceCv (1/1)             Volcano (visited)
 Vaults: D:13-14

Altars:
Ashenzari
Cheibriados
Dithmenos
Elyvilon
Fedhas
Gozag
Hepliaklqana
Kikubaaqudgha
Makhleb
Nemelex Xobeh
Okawaru
Qazlal
Ru
Sif Muna
Trog
Uskayaw
Vehumet
Wu Jian
Xom
Yredelemnul
Zin
The Shining One

Shops:
D:2 [   D:4 :=   D:5 (   D:8 *   Orc:2 ([*::

Annotations:
D:6 2 transporters, Morowski's ghost, novice TeCj
D:12 Frances
Lair:2 1 runed translucent door, GloriousHammer's ghost, journeyman TrCK
Lair:5 1 runed translucent door IceCv exclusion: orange crystal statue


Innate Abilities, Weirdness & Mutations

You are an enormous anaconda.
You have a powerful constriction melee attack.
Your maximum health is increased.
Your armour is entirely melded.
You are incapable of wielding weapons or throwing items.
Your life essence is reduced to manifest your ancestor. (-10% HP)
You cannot wear most types of armour.
You are amphibious.
You can wear up to eight rings at the same time.
((Your skin changes colour to match your surroundings (Stealth+).))
((Your rubbery body absorbs attacks. (AC +1, EV +1)))
((You are camouflaged when in or above water. (Stealth+)))
((You have tentacles for arms and can constrict up to eight enemies at once.))


Message History

Your lungs strain for air!
The quicksilver ooze misses you.
The quicksilver ooze closely misses you.
Unknown command.
You miss the quicksilver ooze.
Your lungs strain for air!
The quicksilver ooze hits you!
The quicksilver ooze hits you but does no damage.
You lash the quicksilver ooze!
The quicksilver ooze is moderately wounded.
Your lungs strain for air!
The quicksilver ooze hits you!!
The quicksilver ooze hits you but does no damage.
The quicksilver ooze hits you.
The quicksilver ooze hits you but does no damage.
You lash the quicksilver ooze!
The quicksilver ooze is heavily wounded.
Your lungs strain for air!
The quicksilver ooze hits you.
The quicksilver ooze hits you but does no damage.
Unknown command.
You barely miss the quicksilver ooze.
The quicksilver ooze is heavily wounded.
Your lungs strain for air!
The quicksilver ooze hits you.
The quicksilver ooze closely misses you.
Unknown command.
You barely miss the quicksilver ooze.
The quicksilver ooze is heavily wounded.
* * * LOW HITPOINT WARNING * * *
Your lungs strain for air!
The quicksilver ooze hits you!
* * * LOW HITPOINT WARNING * * *
The quicksilver ooze hits you but does no damage.
You lash the quicksilver ooze!
The quicksilver ooze is severely wounded.
* * * LOW HITPOINT WARNING * * *
Your lungs strain for air!
The quicksilver ooze hits you. The quicksilver ooze hits you!
You die...

. . ### ####### .##
8. ##.....### ..###
. #........###....#
#.....#..........
#####
#.....##...J####
#$[.. ##.....##.S..#
## ##.....###......#
##. ####....####....
###.. ###.....###..
####....
###.....#####.....##
####.........####
####...#### ##.##
##.##


You could see a quicksilver ooze.

Vanquished Creatures
  A ghoul (Swamp:1)
  An orc warlord (Orc:2)
  A quicksilver ooze (IceCv)
  Josephine (D:13)
  3 hydras
  A two-headed ogre (D:10)
  A centaur warrior (D:13)
  Erica (D:9)
  A boulder beetle (D:13)
  A catoblepas (Lair:5)
  3 death yaks (Lair:5)
  A deep troll shaman (Lair:5)
  4 orc high priests
  A skeletal warrior (D:14)
  2 fire crabs
  A skyshark (Lair:4)
  A bog body (Lair:3)
  A lindwurm (Volcano)
  An orange crystal statue (IceCv)
  2 ugly things
  3 orc knights
  2 deep elf pyromancers (D:13)
  2 cyclopes
  A manticore (D:10)
  6 orc sorcerers
  A wolf spider (Lair:2)
  2 elephants
  A will-o-the-wisp (Swamp:1)
  A molten gargoyle (Volcano)
  6 black mambas
  A gargoyle (Volcano)
  6 cane toads
  4 kobold demonologists (D:11)
  2 rime drakes (Lair:5)
  4 komodo dragons
  3 freezing wraiths (Swamp:1)
  4 trolls
  A polar bear (Lair:5)
  10 blink frogs
  5 slime creatures
  A shadow (D:9)
  45 yaks
  A vampire (D:12)
  A wyvern (Lair:3)
  2 fire elementals (Lair:5)
  3 fire bats (Volcano)
  2 steam dragons
  Grum (D:8)
  2 wargs (Orc:1)
  4 vampire mosquitoes
  A swamp worm (Swamp:1)
  3 great orb of eyes simulacra (IceCv)
  3 hell hounds (Volcano)
  5 water moccasins
  3 acid dragons (D:10)
  3 black bears
  Pargi (Sewer)
  22 orc warriors
  5 wolves
  9 ogres
  14 centaurs
  2 phantoms (D:5)
  A slime creature simulacrum (IceCv)
  4 kobold brigands (D:11)
  12 bullfrogs
  2 gnoll sergeants
  3 scorpions
  A glowing shapeshifter simulacrum (IceCv)
  8 wights
  9 killer bees
  11 howler monkeys
  4 electric eels
  A lava snake (Volcano)
  A jelly (D:6)
  16 orc priests
  3 hounds
  2 gnoll boudas
  A sleepcap (D:4)
  Terence (D:2)
  4 iguanas
  9 orc wizards
  Robin (D:3)
  31 gnolls
  11 adders
  2 white imps
  2 worms (D:2)
  3 dart slugs
  65 orcs
  5 bats
  3 endoplasms
  6 giant cockroaches
  19 goblins
  17 hobgoblins
  3 jackals (Sewer)
  7 quokkas
  9 ball pythons
  5 frilled lizards
  5 kobolds
  3 rats
517 creatures vanquished.

Vanquished Creatures (collateral kills)
  Kirke (D:12)
  Fannar (D:12)
  2 hydras
  A boulder beetle (D:12)
  A two-headed ogre (D:13)
  An alligator (Swamp:1)
  2 death yaks (Lair:5)
  A death drake (Lair:4)
  A cyclops (D:13)
  An ugly thing (D:13)
  6 elephants
  4 black mambas
  A gargoyle (D:10)
  8 cane toads
  5 komodo dragons
  2 rime drakes
  5 trolls
  3 polar bears
  4 dream sheep (Lair:5)
  A hornet (D:11)
  8 slime creatures
  2 blink frogs (Lair:1)
  2 vampires
  4 wraiths
  A culicivora (Lair:2)
  A wyvern (Lair:2)
  4 basilisks
  3 fire bats (Volcano)
  24 yaks
  A vampire mosquito (D:12)
  5 hogs (D:12)
  A steam dragon (Volcano)
  A swamp worm (Swamp:1)
  5 water moccasins
  28 orc warriors
  2 black bears
  5 wolves
  8 centaurs
  A slime creature simulacrum (IceCv)
  2 kobold brigands (D:11)
  5 bullfrogs
  A scorpion (Lair:1)
  2 gnoll sergeants
  2 glowing shapeshifter simulacra (IceCv)
  5 wights
  2 killer bees
  2 howler monkeys (D:9)
  An electric eel (Lair:3)
  5 lava snakes (Volcano)
  15 orc priests
  15 orc wizards
  4 hell rats (Lair:3)
  8 gnolls
  54 orcs
  A goblin (D:10)
  A kobold (D:11)
  16 foxfires
298 creatures vanquished.

Vanquished Creatures (others)
  27 battlemagi
  4 ancestors
  1924 foxfires
1955 creatures vanquished.

Grand Total: 2770 creatures vanquished

Notes
Turn   | Place    | Note
-------+----------+-------------------------------------------
     0 | D:1      | jestert79 the Octopode Shapeshifter began the quest for the
                  | Orb.
     0 | D:1      | Reached XP level 1. HP: 13/13 MP: 1/1
   186 | D:1      | Reached skill level 1 in Stealth
   186 | D:1      | Reached XP level 2. HP: 18/18 MP: 2/2
   666 | D:1      | Reached XP level 3. HP: 23/23 MP: 3/3
  1089 | D:2      | Found Wotham's Armour Shoppe.
  1169 | D:2      | Noticed Terence
  1311 | D:2      | Reached XP level 4. HP: 26/28 MP: 4/4
  1479 | D:2      | Killed Terence
  1941 | D:3      | Noticed Robin
  2154 | D:3      | Reached XP level 5. HP: 33/33 MP: 5/5
  2554 | D:3      | Found Zin's Purification Station.
  2559 | D:3      | Found a glowing silver altar of Zin.
  2562 | D:3      | Bought a potion of curing for 90 gold pieces
  2708 | D:3      | Killed Robin
  2882 | D:3      | Learned a level 1 spell: Foxfire
  3033 | D:4      | Found Bisip's Self-Published Books.
  3333 | D:4      | Reached skill level 1 in Conjurations
  3333 | D:4      | Reached skill level 1 in Fire Magic
  3469 | D:4      | Reached XP level 6. HP: 29/38 MP: 6/6
  3524 | D:4      | Reached skill level 1 in Spellcasting
  3939 | D:4      | Found Darcheomn's Jewellery Shop.
  4066 | D:5      | Entered Level 5 of the Dungeon
  4569 | D:5      | Reached skill level 5 in Unarmed Combat
  4664 | D:5      | Reached skill level 4 in Shapeshifting
  4664 | D:5      | Reached XP level 7. HP: 29/43 MP: 8/8
  4845 | D:5      | Found Pesy's Weapon Shop.
  5314 | D:6      | Found a glowing drain.
  5361 | Sewer    | Entered a sewer
  5409 | Sewer    | Noticed Pargi
  5429 | Sewer    | Killed Pargi
  5430 | Sewer    | Reached skill level 5 in Stealth
  5690 | D:6      | Reached XP level 8. HP: 48/48 MP: 9/9
  5698 | D:6      | Reached skill level 5 in Shapeshifting
  6107 | D:4      | Bought Terpsichore's Anthology of the Dance for 308 gold
                  | pieces
  6110 | D:4      | Learned a level 2 spell: Blink
  6245 | D:6      | Noticed Morowski's ghost (novice TeCj)
  6365 | D:6      | Found a transporter.
  6369 | D:6      | Found a transporter.
  6383 | D:6      | Noticed a hornet
  6911 | D:6      | Reached skill level 1 in Translocations
  7382 | D:7      | Reached XP level 9. HP: 53/53 MP: 10/10
  7477 | D:7      | Reached skill level 6 in Shapeshifting
  8077 | D:7      | Found a staircase to the Ecumenical Temple.
  8103 | Temple   | Entered the Ecumenical Temple
  8142 | Temple   | Became a worshipper of Hepliaklqana the Forgotten
  8777 | D:8      | Found Qidghus's General Store.
  8780 | D:8      | Bought a scroll of identify for 26 gold pieces
  9241 | D:8      | Noticed Maggie
  9269 | D:8      | Noticed Grum
  9295 | D:8      | Maggie changed into Maggie the yak
  9295 | D:8      | Noticed Maggie
  9316 | D:8      | Killed Maggie the yak
  9435 | D:8      | Reached * piety under Hepliaklqana
  9894 | D:8      | Identified the +10 spear of the Inviting Gods {flame, rF+}
 10217 | D:8      | Found a shimmering altar of Xom.
 10535 | D:8      | Killed Grum
 10536 | D:8      | Reached XP level 10. HP: 56/56 MP: 11/11
 10539 | D:8      | Reached skill level 7 in Shapeshifting
 11045 | D:9      | Noticed Erica
 11056 | D:9      | Killed Erica
 11057 | D:9      | Reached skill level 5 in Dodging
 11578 | D:9      | Reached skill level 10 in Unarmed Combat
 11589 | D:9      | Noticed Joseph
 11590 | D:9      | Joseph changed into Joseph the bat
 11590 | D:9      | Noticed Joseph
 11592 | D:9      | Killed Joseph the bat
 11612 | D:8      | Reached skill level 5 in Fighting
 11819 | D:9      | Identified the serpent talisman "Buebuqei" {Will+ Stlth+}
 12304 | D:9      | Reached ** piety under Hepliaklqana
 12305 | D:9      | Remembered your ancestor Aukje as a battlemage
 12483 | D:10     | Entered Level 10 of the Dungeon
 12491 | D:10     | Noticed a gargoyle
 12495 | D:10     | Killed a gargoyle
 12496 | D:10     | Reached skill level 8 in Shapeshifting
 12515 | D:10     | Found a flagged portal.
 12544 | Bailey   | Entered a bailey
 13115 | Bailey   | Reached XP level 11. HP: 64/64 MP: 12/12
 13153 | Bailey   | Reached skill level 9 in Shapeshifting
 13930 | Bailey   | Identified the +5 hand axe of Resumed Hostilities {heavy,
                  | rC++ Stlth+}
 14049 | Bailey   | Acquired a manual of Unarmed Combat
 14093 | D:10     | Reached skill level 10 in Shapeshifting
 14375 | D:10     | Found a staircase to the Lair.
 14442 | D:10     | Noticed a two-headed ogre
 14455 | D:10     | Killed a two-headed ogre
 14733 | D:10     | Noticed a manticore
 14749 | D:10     | Killed a manticore
 15313 | Lair:1   | Entered Level 1 of the Lair of Beasts
 15374 | Lair:1   | Reached skill level 11 in Shapeshifting
 15489 | Lair:1   | Reached XP level 12. HP: 70/70 MP: 13/13
 15527 | Lair:1   | Reached *** piety under Hepliaklqana
 15741 | Lair:1   | Found a dark tunnel.
 15746 | Volcano  | Entered a volcano
 15921 | Volcano  | Found a burning altar of Makhleb.
 16626 | D:4      | Bought the ring "Daziuvod" {rElec MP+9 Str-2 Int+7} for 534
                  | gold pieces
 16779 | Lair:1   | Reached skill level 12 in Shapeshifting
 17469 | Lair:2   | Found a hole to the Spider Nest.
 17478 | Lair:2   | Reached skill level 13 in Shapeshifting
 17480 | Lair:2   | Reached XP level 13. HP: 77/77 MP: 14/14
 17630 | Lair:2   | Found a runed translucent door.
 17630 | Lair:2   | Found a shimmering altar of Xom.
 17630 | Lair:2   | Noticed GloriousHammer's ghost (journeyman TrCK)
 18642 | Lair:3   | Reached skill level 14 in Shapeshifting
 18672 | Lair:3   | Found the ring of Shadows {Umbra +Inv Stlth+}
 18766 | Lair:3   | Reached **** piety under Hepliaklqana
 19699 | Lair:3   | Found a staircase to the Swamp.
 20057 | Lair:4   | Noticed Nessos
 20098 | Lair:4   | Reached skill level 15 in Shapeshifting
 20236 | Lair:4   | Nessos changed into Nessos the death drake
 20236 | Lair:4   | Noticed Nessos
 20247 | Lair:4   | Killed Nessos the death drake
 21038 | Lair:4   | Reached ***** piety under Hepliaklqana
 21140 | Lair:5   | Entered Level 5 of the Lair of Beasts
 21259 | Lair:5   | Reached skill level 16 in Shapeshifting
 21316 | Lair:5   | Reached XP level 14. HP: 82/82 MP: 15/15
 22352 | Lair:5   | Found a runed translucent door.
 22352 | Lair:5   | Found a staircase to the Slime Pits.
 22352 | Lair:5   | Noticed an acid blob
 22352 | Lair:5   | Noticed an acid blob
 22352 | Lair:5   | Noticed an acid blob
 22460 | Lair:5   | Reached skill level 17 in Shapeshifting
 23542 | D:11     | Found a staircase to the Orcish Mines.
 23869 | D:11     | Reached skill level 18 in Shapeshifting
 24181 | Orc:1    | Entered Level 1 of the Orcish Mines
 24264 | Orc:2    | Entered Level 2 of the Orcish Mines
 24735 | Orc:2    | Noticed an orc warlord
 25524 | D:12     | Noticed Frances
 25554 | D:12     | Noticed Fannar
 25564 | D:12     | Killed Fannar
 26037 | D:12     | Noticed Kirke
 26127 | D:12     | Killed Kirke
 26128 | D:12     | Reached XP level 15. HP: 82/89 MP: 16/16
 26697 | D:13     | Noticed Josephine
 26705 | D:13     | Killed Josephine
 27328 | D:13     | Reached ****** piety under Hepliaklqana
 28468 | Orc:2    | Found a staircase to the Elven Halls.
 28468 | Orc:2    | Found Teseug's Book Shoppe.
 28492 | Orc:2    | Killed an orc warlord
 29305 | Orc:2    | Reached skill level 19 in Shapeshifting
 29757 | Orc:2    | Found Punaobly's Antique Armour Boutique.
 29757 | Orc:2    | Found Koatul's Antique Weapon Boutique.
 29778 | Orc:2    | Found Bialiat's General Store.
 29778 | Orc:2    | Found Somafig's Book Shop.
 30377 | IceCv    | Identified the "Sentas"
 30377 | Swamp:1  | Entered Level 1 of the Swamp
 30394 | Swamp:1  | Noticed a ghoul
 30406 | Swamp:1  | HP: 5/108 [bog body (28)]
 30702 | Spider:1 | Entered Level 1 of the Spider Nest
 30770 | Swamp:1  | Killed a ghoul
 30976 | Swamp:1  | Found a frozen archway.
 31004 | IceCv    | Entered an ice cave
 31385 | IceCv    | Slain by a quicksilver ooze

Illustrated notes

Levels and vault maps discovered:
D:1:      wheals_arrival_linesprint, layout_loops_ring, minmay_split_cup_large
D:2:      minmay_skewed_foursquare, layout_rooms, serial_shops, shop,
          kennysheep_crisscross, grunt_decor_one_mirror, uniq_terence
D:3:      layout_basic, zin_purify, dk_noncrumbling_3, nrook_campfire,
          uniq_robin
D:4:      layout_basic, serial_shops, nicolae_take_the_stairs,
          nicolae_custom_books, chequers_serial_rivers_room_a,
          minmay_snake_closets
D:5:      layout_cave_pods, serial_shops, shop_coins
D:6:      layout_rooms, gammafunk_ghost_hive, portal_sewer_entry_f
D:7:      layout_layer_cave, minmay_temple_entry_drinking_statues, serial_bayou,
          serial_bayou_ford_a, serial_bayou_shore_b, serial_bayou_shore_b,
          serial_bayou_pond_a
D:8:      layout_basic, amcnicky_altar_gilded, serial_shops,
          nicolae_stop_n_shop_2, uniq_grum, uniq_maggie
D:9:      layout_cave_pools, minmay_crystal_room, skrybe_limestone_x,
          lightli_orcish_oven, uniq_joseph, uniq_erica
D:10:     wad_river_or_something, layout_basic, enter_bailey_5
D:11:     layout_basic, kennysheep_orc_monster_closet_entryway
D:12:     layout_cave_pods, uniq_fannar, uniq_kirke, uniq_frances
D:13:     layout_basic, uniq_josephine
D:14:     layout_rooms, hellmonk_vaults_order_and_chaos,
          hangedman_abyss_or_decor_slice, eino_house_with_fridge
Temple:   mainiacjoe_temple_big_plus
Lair:1:   layout_roguey, enter_volcano_4, serial_bayou_shore_b,
          grunt_megastairs_5
Lair:2:   layout_regular_city, spider_nest_entry_funnel_web, ebering_ghost_xom,
          serial_bayou_shore_b
Lair:3:   layout_chaotic_city, minmay_swamp_entry_swarm, serial_bayou_shore_a,
          grunt_megastairs_2, lemuel_fruit_tree
Lair:4:   layout_cellular_growth, uniq_nessos
Lair:5:   grunt_lair_end_beastmaster, layout_gridlike, slime_entry_2
Swamp:1:  layout_falls_marsh, portal_ice_cave_entry_frozen_things,
          nicolae_swamp_round_clearing, swamp_pool_4, uniq_donald, uniq_jorgrun
Spider:1: layout_spider_delve, nicolae_spider_webs_and_nodes, uniq_louise
Orc:1:    layout_caves
Orc:2:    st_orc_congregation, layout_caves, basic_altar, serial_shops,
          nicolae_shop_stone, guppyfry_library_mini
IceCv:    ice_cave_hellmonk_azure_passage

Skill      XL: |  1  2  3  4  5  6  7  8  9 10 11 12 13 14 15 |
---------------+----------------------------------------------+-----
Stealth        | 1 2 3 4 5 |  5.1
Unarmed Combat | 4 5 6 8 9 10 12 13 | 13.5
Conjurations   | 1 2 |  2.0
Fire Magic     | 1 2 |  2.0
Spellcasting   | 1 |  1.2
Shapeshifting  | 4 5 6 8 11 13 16 18 19 | 19.6
Translocations | 2 3 |  3.0
Fighting       | 3 5 7 9 |  9.0
Dodging        | 4 5 6 7 8 9 |  9.3

Action                     |  1- 3 |  4- 6 |  7- 9 | 10-12 | 13-15 || total
---------------------------+-------+-------+-------+-------+-------++-------
  Melee: Unarmed           |    64 |   103 |    93 |   160 |   568 ||   988
         Constrict         |    18 |    28 |    25 |    56 |   146 ||   273
         Tentacles         |    12 |    20 |    28 |     9 |       ||    69
         Punch             |     2 |     4 |     3 |     3 |       ||    12
         Spear             |       |       |    10 |    84 |       ||    94
   Cast: Foxfire           |       |    39 |   235 |   259 |   554 ||  1087
 Invoke: Ancestor Identity |       |       |     1 |       |       ||     1
         Recall Ancestor   |       |       |       |     3 |    14 ||    17
         Ancestor Life: Ba |       |       |       |     1 |       ||     1
  Evoke: Wand              |       |       |     3 |     3 |    13 ||    19
    Use: Potion            |       |     1 |     2 |       |     5 ||     8
         Scroll            |       |    19 |     2 |     5 |     5 ||    31
   Stab: Sleeping          |    12 |    15 |     1 |     2 |     9 ||    39
         Distracted        |     1 |       |       |     7 |    15 ||    23
 Armour: Skin              |    15 |    26 |    57 |   121 |   261 ||   480
  Dodge: Dodged            |    26 |    33 |    54 |   178 |   376 ||   667
   Form: Anaconda          |       |       |       |     1 |     2 ||     3
                           |       |       |       |       |     1 ||     1
         Storm             |       |       |       |       |     1 ||     1

Table legend: (Time is in decaauts)
 A = Elapsed time spent in this place.
 B = Non-inter-level travel time spent in this place.
 C = Inter-level travel time spent in this place.
 D = Time resting spent in this place.
 E = Time spent auto-exploring this place.
 F = Levels seen in this place.
 G = Mean time per level.
                   A        B        C        D        E       F      G
               +--------+--------+--------+--------+--------+-----+--------+
         Total |  31200 |  28666 |   2534 |   9948 |   7460 |  28 | 1114.3 |
       Dungeon |  17737 |  16023 |   1714 |   5140 |   5867 |  14 | 1266.9 |
        Temple |     77 |      2 |     75 |      0 |      0 |   1 |   77.0 |
          Lair |   7692 |   7102 |    590 |   2314 |   1161 |   5 | 1538.4 |
         Swamp |     85 |     85 |      0 |      0 |      0 |   1 |   85.0 |
   Spider Nest |      1 |      1 |      0 |      0 |      0 |   1 |    1.0 |
  Orcish Mines |   2973 |   2820 |    153 |   1106 |    358 |   2 | 1486.5 |
         Sewer |    177 |    177 |      0 |     38 |     25 |   1 |  177.0 |
        Bailey |   1510 |   1510 |      0 |    858 |     42 |   1 | 1510.0 |
      Ice Cave |    372 |    372 |      0 |    170 |      0 |   1 |  372.0 |
       Volcano |    573 |    573 |      0 |    322 |      7 |   1 |  573.0 |
               +--------+--------+--------+--------+--------+-----+--------+

Top non-repeatable levels by time:
     D:8: 2917 daAuts
  Lair:5: 1864 daAuts
     D:7: 1703 daAuts
  Lair:3: 1618 daAuts
  Lair:2: 1522 daAuts
  Bailey: 1510 daAuts
   Orc:2: 1504 daAuts
     D:6: 1479 daAuts
  Lair:4: 1478 daAuts
   Orc:1: 1468 daAuts
    D:12: 1413 daAuts
    D:10: 1397 daAuts
    D:13: 1388 daAuts
     D:5: 1261 daAuts
  Lair:1: 1208 daAuts
